 Dungeon Crawl Stone Soup version 0.25-a0-388-g41a7e554cb (webtiles) character file.

Game seed: 7191011563484157784, levelgen mode: deterministic

9996 Borgoz the Basher (level 11, -8/71 HPs)
             Began as a Gargoyle Berserker on Jan 7, 2020.
             Was a High Priest of Trog.
             Engulfed by an ice statue's freezing vapour (20 damage)
             ... in an ice cave.
             The game lasted 00:13:34 (9966 turns).

Borgoz the Basher (Gargoyle Berserker)              Turns: 9966, Time: 00:13:34

Health: -8/71      AC: 28    Str: 24    XL:     11   Next: 55%
Magic:  11/11      EV:  9    Int:  7    God:    Trog [*****.]
Gold:   692        SH:  5    Dex: 10    Spells: 10/10 levels left

rFire    . . .     SeeInvis .   C - +0 morningstar
rCold    . . .     Gourm    +   q - +0 buckler
rNeg     + . .     Faith    .   H - +0 plate armour
rPois    ∞         Spirit   .   y - +1 helmet
rElec    +         Reflect  .   w - +1 cloak
rCorr    .         Harm     .   (no gloves)
MR       .....                  (no boots)
Stlth    ..........             M - amulet of the gourmand
HPRegen  0.21/turn              i - +2 ring of protection
MPRegen  0.12/turn              (no ring)

@: no status effects
A: negative energy resistance 1, electricity resistance, unbreathing,
petrification resistance, rot immunity, AC +8
a: Berserk, Trog's Hand, Brothers in Arms, Renounce Religion


You were in an ice cave.
You worshipped Trog.
Trog was extremely pleased with you.
You were not hungry.

You visited 3 branches of the dungeon, and saw 12 of its levels.
You also visited: Ice Cave.

You collected 692 gold pieces.

Inventory:

Hand Weapons
 C - a +0 morningstar (weapon)
Missiles
 J - a throwing net (quivered)
Armour
 q - a +0 buckler (worn)
 w - a +1 cloak (worn)
 y - a +1 helmet (worn)
 D - +0 steam dragon scales
 H - a +0 plate armour (worn)
Jewellery
 i - a +2 ring of protection (left hand)
 M - an amulet of the gourmand (around neck)
Wands
 p - a wand of paralysis (7)
 u - a wand of polymorph (11)
 A - a wand of clouds (7)
 I - a wand of acid (6)
Scrolls
 a - a scroll of immolation {unknown}
 h - 5 scrolls of enchant armour {unknown}
 j - 7 scrolls of teleportation {unknown}
 m - 2 scrolls of enchant weapon {unknown}
 n - 4 scrolls of remove curse
 r - 5 scrolls of magic mapping
 v - 3 scrolls of amnesia {unknown}
 x - a scroll of noise {unknown}
 F - a scroll of blinking {unknown}
 G - a scroll of fog {unknown}
 N - a scroll of identify
Potions
 b - 3 potions of flight
 d - 4 potions of curing
 e - a potion of invisibility
 f - 2 potions of heal wounds
 g - 3 potions of ambrosia
 k - 5 potions of lignification
 l - a potion of might {unknown}
 o - 3 potions of agility
 s - a potion of brilliance {unknown}
 t - 4 potions of degeneration {unknown}
 z - 2 potions of haste {unknown}
 B - 3 potions of resistance
 E - 2 potions of magic {unknown}
 K - 2 potions of mutation {unknown}
Comestibles
 c - 15 rations


   Skills:
 + Level 9.0 Fighting
 * Level 11.3 Maces & Flails
 + Level 8.7 Armour
 + Level 6.6 Dodging
 - Level 5.0 Shields


You had 10 spell levels left.
You didn't know any spells.
Your spell library was empty.

Dungeon Overview and Level Annotations

Branches:
Dungeon (10/15)            Temple (1/1) D:7            Lair (1/6) D:10
    Orc (0/2) D:10          IceCv (1/1)

Altars:
Cheibriados
Elyvilon
Gozag
Trog
Vehumet
Xom
Yredelemnul
Zin
The Shining One

Shops:
D:4 =

Annotations:
D:10 1 runed translucent door IceCv exclusion: 2 ice statues


Innate Abilities, Weirdness & Mutations

You are resistant to torment.
Your stone body is resilient. (AC +8)
You are immune to poison.
You resist negative energy. (rN+)
You are resistant to electric shocks. (rElec)
You can survive without breathing.
You are immune to petrification.
You are immune to rotting.


Message History

The ice statue is lightly damaged.
The ice statue gestures.
The ice statue gestures at you. The freezing blast engulfs you!!
You hit the ice statue but do no damage.
The ice statue is lightly damaged.
You are engulfed in freezing vapours.
The ice statue gestures at you. The shard of ice misses you.
You hit the ice statue.
The ice statue is moderately damaged.
You are engulfed in freezing vapours.
* * * LOW HITPOINT WARNING * * *
The ice statue gestures. x2
You puncture the ice statue!
The ice statue is moderately damaged.
You are engulfed in freezing vapours.
* * * LOW HITPOINT WARNING * * *
The ice statue gestures. x2
You are engulfed in freezing vapours.
You die...

##...# ##...#
##...## #...##
#..## ##..##
##..# ####..##
##8#@...#8#
#YY○☼....YY#
#.☼☼°.°..Y....
#..............
#...............
#...............
##..............
##...........#
##........##


You could see 5 ice beasts.

Vanquished Creatures
  2 two-headed ogres
  A rime drake (IceCv)
  Maggie (D:8)
  A komodo dragon (Lair:1)
  A merfolk (D:9)
  Grinder (D:4)
  A hippogriff (D:10)
  Sigmund (D:2)
  5 yaks
  Menkaure (D:4)
  2 orc warriors
  22 ice beasts
  2 phantoms (D:4)
  A black bear (D:6)
  3 centaurs
  A big kobold (D:10)
  7 bullfrogs
  A gnoll sergeant (D:8)
  2 scorpions
  14 killer bees
  2 howler monkeys
  2 bullfrog zombies
  5 crimson imps
  A quasit (D:7)
  3 centaur zombies
  3 hounds
  A jelly (D:9)
  3 centaur skeletons
  A gnoll shaman (D:8)
  2 orc priests
  Crazy Yiuf (D:4)
  10 orc wizards
  3 iguanas
  An iron imp (D:9)
  Jessica (D:2)
  10 worker ants
  Natasha (thrice) (D:4)
  3 hound zombies
  A hound skeleton (D:9)
  2 worker ant zombies
  Robin (D:2)
  8 gnolls
  5 adders
  2 shadow imps (D:7)
  An adder zombie (D:8)
  2 adder skeletons
  4 worms
  3 dart slugs
  3 leopard geckos
  32 orcs
  3 ball pythons
  10 bats
  3 giant cockroaches
  14 goblins
  8 hobgoblins
  10 jackals
  14 kobolds
  4 quokkas
  3 frilled lizards
  A goblin skeleton (D:9)
  2 goblin zombies (D:9)
  3 hobgoblin zombies (D:9)
  2 leopard gecko skeletons
  An orc skeleton (D:9)
  3 orc zombies (D:9)
  A quokka skeleton (D:4)
  10 rats
  A spectral orc (D:8)
282 creatures vanquished.

Notes
Turn   | Place    | Note
-------+----------+-------------------------------------------
     0 | D:1      | Borgoz the Gargoyle Berserker began the quest for the Orb.
     0 | D:1      | Reached XP level 1. HP: 14/14 MP: 1/1
   232 | D:1      | Reached XP level 2. HP: 8/19 MP: 2/2
   994 | D:1      | Reached XP level 3. HP: 16/23 MP: 3/3
  1134 | D:2      | Reached ** piety under Trog
  1250 | D:2      | Found a radiant altar of Vehumet.
  1277 | D:2      | Noticed Robin
  1295 | D:2      | Killed Robin
  1295 | D:2      | Reached XP level 4. HP: 28/29 MP: 4/4
  1596 | D:2      | Found a shimmering altar of Xom.
  1603 | D:2      | Reached skill level 4 in Maces & Flails
  1709 | D:2      | Noticed Sigmund
  1713 | D:2      | Noticed Jessica
  1727 | D:2      | Killed Sigmund
  1727 | D:2      | Reached skill level 1 in Shields
  1727 | D:2      | Reached XP level 5. HP: 30/33 MP: 5/5
  1727 | D:2      | Reached XP level 6. HP: 35/38 MP: 6/6
  1748 | D:2      | Killed Jessica
  2100 | D:2      | Found a white marble altar of Elyvilon.
  2341 | D:2      | Found an opulent altar of Gozag.
  2341 | D:2      | Found a glowing silver altar of Zin.
  2695 | D:3      | Reached *** piety under Trog
  2982 | D:3      | Reached skill level 5 in Maces & Flails
  3327 | D:4      | Noticed Grinder
  3345 | D:4      | Paralysed by Grinder for 3 turns
  3349 | D:4      | Killed Grinder
  3349 | D:4      | Reached XP level 7. HP: 37/44 MP: 7/7
  3407 | D:4      | Noticed Natasha
  3412 | D:4      | Killed Natasha
  3603 | D:4      | Noticed Natasha
  3615 | D:4      | Reached skill level 5 in Fighting
  3615 | D:4      | Reached skill level 6 in Maces & Flails
  3615 | D:4      | Reached XP level 8. HP: 49/49 MP: 8/8
  3619 | D:4      | Killed Natasha
  3653 | D:4      | Noticed Natasha
  3659 | D:4      | Killed Natasha
  3701 | D:4      | Found Retryis's Jewellery Shop.
  4017 | D:4      | Noticed Menkaure
  4020 | D:4      | Killed Menkaure
  4082 | D:4      | Found a runed translucent door.
  4083 | D:4      | Noticed Crazy Yiuf
  4271 | D:4      | Killed Crazy Yiuf
  4380 | D:5      | Entered Level 5 of the Dungeon
  4485 | D:5      | Reached skill level 5 in Armour
  4638 | D:5      | Found a glowing golden altar of the Shining One.
  4713 | D:5      | Reached skill level 7 in Maces & Flails
  5356 | D:6      | Reached XP level 9. HP: 28/55 MP: 9/9
  5390 | D:6      | Found a bloodstained altar of Trog.
  5600 | D:6      | Found a snail-covered altar of Cheibriados.
  5931 | D:7      | Found a staircase to the Ecumenical Temple.
  5946 | Temple   | Entered the Ecumenical Temple
  6015 | D:7      | Reached **** piety under Trog
  6489 | D:7      | Reached skill level 8 in Maces & Flails
  6489 | D:7      | Reached skill level 5 in Shields
  7508 | D:8      | Reached ***** piety under Trog
  7508 | D:8      | Received a gift from Trog
  7527 | D:7      | Reached skill level 5 in Dodging
  7616 | D:8      | Reached XP level 10. HP: 63/63 MP: 10/10
  7744 | D:8      | Noticed Maggie
  7753 | D:8      | Killed Maggie
  7753 | D:8      | Reached skill level 9 in Maces & Flails
  8034 | D:8      | Found a basalt altar of Yredelemnul.
  8276 | D:9      | Found a glowing golden altar of the Shining One.
  8377 | D:9      | Noticed a two-headed ogre
  8394 | D:9      | Killed a two-headed ogre
  8978 | D:10     | Entered Level 10 of the Dungeon
  8990 | D:10     | Found a runed translucent door.
  8990 | D:10     | Noticed a skeletal warrior
  8992 | D:10     | Noticed a skeletal warrior
  8992 | D:10     | Noticed a deep elf archer
  8992 | D:10     | Noticed a necromancer
  8992 | D:10     | Noticed a kobold demonologist
  8992 | D:10     | Noticed a fire crab
  8993 | D:10     | Noticed a lich
  8993 | D:10     | Noticed a two-headed ogre
  8994 | D:10     | Found a staircase to the Orcish Mines.
  9011 | D:10     | Killed a two-headed ogre
  9011 | D:10     | Reached skill level 10 in Maces & Flails
  9109 | D:10     | Reached XP level 11. HP: 46/68 MP: 11/11
  9246 | D:10     | Found a staircase to the Lair.
  9274 | D:10     | Received a gift from Trog
  9405 | Lair:1   | Entered Level 1 of the Lair of Beasts
  9455 | Lair:1   | Found a frozen archway.
  9489 | Lair:1   | Reached skill level 11 in Maces & Flails
  9612 | IceCv    | Entered an ice cave
  9966 | IceCv    | Engulfed by an ice statue's freezing vapour

Levels and vault maps discovered:
D:1:      lightli_molten_gateway, layout_basic
D:2:      layout_basic, grunt_temple_overflow_gold_and_silver,
          lemuel_crystal_altar, nicolae_overflow_crystal_walls,
          lemuel_round_altar, uniq_sigmund, uniq_jessica, uniq_robin
D:3:      layout_basic
D:4:      layout_loops_ring, first_ration, serial_shops, shop,
          minmay_misc_feat_iff, uniq_natasha, uniq_grinder, uniq_menkaure,
          uniq_crazy_yiuf_cottage
D:5:      kennysheep_spiral_hall, layout_basic, basic_altar,
          kennysheep_generic_room_7
D:6:      layout_rooms, kennysheep_mini, cheibrodos_worm_habitat,
          hangedman_decor_growths
D:7:      layout_loops_ring, minmay_temple_entry_tees
D:8:      layout_loops_cross, yredelemnul_forgotten_temple_becter, uniq_maggie
D:9:      layout_roguey, nicolae_tso_besieged_by_evil, hangedman_fish_farm
D:10:     layout_basic, lair_entry_dummy, muffindrake_ghost_dual_entry,
          chequers_serial_rivers_small_a
Temple:   oiseaux_autumnal_temple
Lair:1:   layout_roguey, portal_ice_cave_entry_ice_beasts, uniq_urug
IceCv:    ice_cave_small_dragons

Skill      XL: |  1  2  3  4  5  6  7  8  9 10 11 |
---------------+----------------------------------+-----
Dodging        | 2 3 4 5 6 |  6.6
Maces & Flails | 4 5 6 7 8 10 11 | 11.3
Armour         | 3 4 5 6 7 8 |  8.7
Fighting       | 4 5 7 8 9 |  9.0
Shields        | 1 2 3 4 5 |  5.0

Action                   |  1- 3 |  4- 6 |  7- 9 | 10-12 || total
-------------------------+-------+-------+-------+-------++-------
Melee: Mace              |   114 |   165 |   443 |       ||   722
       Flail             |       |       |   131 |       ||   131
       Morningstar       |       |       |    97 |   448 ||   545
Invok: Berserk           |     3 |     4 |     4 |     5 ||    16
       Trog's Hand       |       |     1 |       |     1 ||     2
  Use: Scroll            |       |     4 |     2 |     5 ||    11
       Potion            |       |       |     2 |     1 ||     3
  Eat: Chunk             |     3 |    10 |    17 |    27 ||    57
       Ration            |       |       |     1 |       ||     1
Armor: Animal skin       |    49 |       |       |       ||    49
       Ring mail         |    23 |   128 |    88 |       ||   239
       Scale mail        |       |       |   305 |       ||   305
       Plate armour      |       |       |   167 |   335 ||   502
Dodge: Dodged            |   132 |   132 |   550 |   209 ||  1023
Block: Buckler           |       |    38 |   233 |   127 ||   398

Table legend:
 A = Non-vault XP
 B = Vault XP
 C = Vault XP percentage of total XP
 D = Non-vault monster count
 E = Vault monster count
 F = Vault count percentage of total count
                 A         B        C        D         E       F
            +---------+---------+-------+---------+---------+-------
      Total |    9671 |    4610 |  32.3 |     223 |      59 |  20.9
            +---------+---------+-------+---------+---------+-------
        D:1 |      36 |       0 |   0.0 |      20 |       0 |   0.0
        D:2 |     112 |     294 |  72.4 |      25 |      15 |  37.5
        D:3 |     163 |       0 |   0.0 |      20 |       0 |   0.0
        D:4 |     640 |     517 |  44.7 |      23 |       4 |  14.8
        D:5 |     130 |     220 |  62.9 |       8 |       5 |  38.5
        D:6 |     324 |       5 |   1.5 |       9 |       1 |  10.0
        D:7 |    1508 |       0 |   0.0 |      39 |       0 |   0.0
        D:8 |     866 |     380 |  30.5 |      22 |       2 |   8.3
        D:9 |    1909 |     370 |  16.2 |      26 |      12 |  31.6
       D:10 |    3450 |       0 |   0.0 |      29 |       0 |   0.0
     Lair:1 |     533 |    1036 |  66.0 |       2 |       8 |  80.0
      IceCv |       0 |    1788 | 100.0 |       0 |      12 | 100.0
            +---------+---------+-------+---------+---------+-------
